 Dungeon Crawl Stone Soup version 0.23-a0-644-gb60d84b (webtiles) character file.

186 Borgoz the Sneak (level 5, -5/32 HPs)
             Began as a Kobold Assassin on Jan 2, 2019.
             Killed from afar by an orc wizard (7 damage)
             ... with a magic dart
             ... on level 4 of the Dungeon.
             The game lasted 00:06:28 (2420 turns).

Borgoz the Sneak (Kobold Assassin)                  Turns: 2420, Time: 00:06:28

Health: -5/32      AC:  3    Str:  9    XL:     5   Next: 97%
Magic:  5/5        EV: 16    Int: 18    God:
Gold:   185        SH:  0    Dex: 16    Spells: 4/4 levels left

rFire    . . .     SeeInvis .   a - +2 dagger
rCold    + . .     Gourm    .   (shield restricted)
rNeg     . . .     Faith    .   c - +0 robe
rPois    .         Spirit   .   (no helmet)
rElec    .         Reflect  .   d - +0 cloak
rCorr    .         Harm     .   (no gloves)
MR       .....                  (no boots)
Stlth    +++.......             (no amulet)
HPRegen  0.10/turn              h - ring of protection from cold
MPRegen  0.09/turn              (no ring)

@: brilliant
A: small, carnivore
a: no special abilities


You were on level 4 of the Dungeon.
You were completely stuffed.

You visited 1 branch of the dungeon, and saw 4 of its levels.

You collected 185 gold pieces.

Inventory:

Hand Weapons
 a - a +2 dagger (weapon)
 b - a +0 blowgun
Missiles
 e - 8 poisoned needles
 f - 2 curare-tipped needles
Armour
 c - a +0 robe (worn)
 d - a +0 cloak (worn)
Jewellery
 h - a ring of protection from cold (left hand)
Scrolls
 j - 4 scrolls of identify
 n - 2 scrolls of immolation {unknown}
 o - 2 scrolls of fog {unknown}
 q - a scroll of amnesia {unknown}
 r - 2 scrolls of remove curse {unknown}
Potions
 i - 2 potions of agility {unknown}
 k - 2 potions of haste {unknown}
 l - a potion of lignification {unknown}
 m - 2 potions of brilliance
 p - 2 potions of flight {unknown}
 s - 2 potions of curing {unknown}
Comestibles
 g - 10 rations


   Skills:
 + Level 3.5 Fighting
 + Level 4.3 Short Blades
 - Level 2.1 Throwing
 + Level 3.3 Dodging
 + Level 6.5 Stealth


You had 4 spell levels left.
You didn't know any spells.
Your spell library was empty.

Dungeon Overview and Level Annotations

Branches:
Dungeon (4/15)
 Temple: D:4-7

Altars:
Fedhas
Trog
Zin
The Shining One


Innate Abilities, Weirdness & Mutations

You are small and have problems with some larger weapons.
You are carnivorous and can eat meat at any time.


Message History

You completely miss the orc priest.
The orc priest is moderately wounded.
The orc throws a stone.
The stone misses you. The orc wizard barely misses you.
The orc priest mumbles some strange prayers to Beogh against you.
Beogh smites you!
* * * LOW HITPOINT WARNING * * *
You hit the orc priest but do no damage.
The orc priest is moderately wounded.
The orc wizard barely misses you. The orc hits you with a +0 dagger.
* * * LOW HITPOINT WARNING * * *
It was a potion of brilliance.
You feel clever all of a sudden. The orc wizard completely misses you.
The orc priest calls upon Beogh to heal the orc wizard.
The orc wizard's wounds heal themselves!
The orc barely misses you. The orc hits you with a +0 dagger.
* * * LOW HITPOINT WARNING * * *
The orc wizard casts a spell at you. The magic dart hits you!
You die...

..#.... . #.#.#.# #. #.#.#.#
#.. #.#.#.# #..##.#.#.#
##......(..## ........#...##
# # #.#.....##...######. #.
#.#.).#.##.@o....... ..
....#...##ooo###.## .#
.#####.#.##..#........#####.#
.........##....#.......)<...#
........)....#....###########
#....#####...#.##
#)##...##.#.# #.#.....#.#.#
#.#.........#


You could see an orc priest, an orc wizard and 2 orcs.

Vanquished Creatures
  An ogre (D:4)
  Jessica (D:2)
  An adder (D:3)
  A worm (D:3)
  3 dart slugs
  5 leopard geckos
  3 orcs (D:4)
  2 giant cockroaches
  5 hobgoblins
  2 jackals (D:1)
  A quokka (D:4)
  A ball python (D:1)
  5 bats
  4 frilled lizards
  7 goblins
  5 kobolds
  7 rats
54 creatures vanquished.

Notes
Turn   | Place    | Note
-------+----------+-------------------------------------------
     0 | D:1      | Borgoz the Kobold Assassin began the quest for the Orb.
     0 | D:1      | Reached XP level 1. HP: 12/12 MP: 1/1
   143 | D:1      | Reached XP level 2. HP: 11/18 MP: 2/2
   404 | D:1      | Reached XP level 3. HP: 14/22 MP: 3/3
   775 | D:2      | Noticed Jessica
   791 | D:2      | Killed Jessica
   791 | D:2      | Reached XP level 4. HP: 21/27 MP: 4/4
   810 | D:2      | Reached skill level 6 in Stealth
   898 | D:2      | Found a glowing silver altar of Zin.
   899 | D:2      | Found a glowing golden altar of the Shining One.
   899 | D:2      | Found a blossoming altar of Fedhas.
   902 | D:2      | Found a bloodstained altar of Trog.
  1461 | D:3      | Found a bloodstained altar of Trog.
  1922 | D:4      | Noticed an ogre
  1939 | D:4      | Killed an ogre
  1939 | D:4      | Reached XP level 5. HP: 5/32 MP: 5/5
  1989 | D:4      | HP: 1/32 [quokka (4)]
  2420 | D:4      | Killed from afar by an orc wizard

Vault maps used:
D:1:      scummos_arrival_simple_crosswalls
D:2:      chequers_temple_overflow_statue_of_worship, first_ration, uniq_jessica
D:3:      lemuel_statue_altar

Skill      XL: |  1  2  3  4 |
---------------+-------------+-----
Short Blades   | 3 4 |  4.3
Dodging        | 2 3 |  3.3
Stealth        | 6 |  6.5
Fighting       | 3 |  3.5
Throwing       | |  2.1

Action                   |  1- 3 |  4- 6 || total
-------------------------+-------+-------++-------
Melee: Dagger            |    72 |    89 ||   161
 Fire: Blowgun           |       |     4 ||     4
  Use: Scroll            |       |     1 ||     1
       Potion            |       |     1 ||     1
 Stab: Sleeping          |    11 |     8 ||    19
  Eat: Chunk             |     4 |     9 ||    13
Armor: Robe              |    13 |     7 ||    20
Dodge: Dodged            |    40 |    53 ||    93

Table legend:
 A = Non-vault XP
 B = Vault XP
 C = Vault XP percentage of total XP
 D = Non-vault monster count
 E = Vault monster count
 F = Vault count percentage of total count
                 A         B        C        D         E       F
            +---------+---------+-------+---------+---------+-------
      Total |     229 |      37 |  13.9 |      53 |       1 |   1.9
            +---------+---------+-------+---------+---------+-------
        D:1 |      41 |       0 |   0.0 |      24 |       0 |   0.0
        D:2 |      32 |      37 |  53.6 |      18 |       1 |   5.3
        D:3 |      26 |       0 |   0.0 |       5 |       0 |   0.0
        D:4 |     130 |       0 |   0.0 |       6 |       0 |   0.0
            +---------+---------+-------+---------+---------+-------
